[Event "Early-Titled-Tuesday-Blitz-February-06-2024"]
[Site "Chess.com"]
[Date "2024.02.06"]
[Round "4"]
[White "Squirlolz"]
[Black "ValentunHulka"]
[Result "0-1"]
[WhiteElo "2563"]
[BlackElo "2815"]
[TimeControl "180+1"]
[EndTime "8:39:05 PST"]
[Termination "ValentunHulka won on time"]

1. e4 c5 2. Nf3 d6 3. b3 Nc6 4. Bb2 e5 5. Bc4 g6 6. O-O Bg7 7. Nc3 Nge7 8. Nd5 O-O 9. c3 a6 10. d4 exd4 11. cxd4 Bg4 12. h3 Bxf3 13. Qxf3 Nxd5 14.
Bxd5 Nxd4 15. Bxd4 Bxd4 16. Rae1 Rb8 17. Kh1 Kg7 18. Qd3 b5 19. f4 Re8 20. a4 Qd7 21. axb5 axb5 22. f5 Re7 23. Qf3 Kh8 24. f6 Re5 25.
Qf4 Qe8 26. g4 Rc8 27. h4 c4 28.
bxc4 bxc4 29. Rb1 Rxd5 30. exd5 Be5 31. Qh6 Qf8 32. Qxf8+ Rxf8 33. g5 Rc8 34. Kg2 h6 35.
Rbc1 c3 36. Rc2 Rc4 0-1

[Event "Early-Titled-Tuesday-Blitz-February-06-2024"]
[Site "Chess.com"]
[Date "2024.02.06"]
[Round "4"]
[White "javirec"]
[Black "Schattman"]
[Result "1-0"]
[WhiteElo "2288"]
[BlackElo "2412"]
[TimeControl "180+1"]
[EndTime "8:39:05 PST"]
[Termination "javirec won on time"]

1. e4 c5 2. Nf3 d6 3. d4 cxd4 4.
Nxd4 Nf6 5. Nc3 a6 6. Be3 e5 7. Nf3 Be6 8. Ng5 Bg4 9. f3 Be6 10. Nxe6 fxe6 11. Bc4 Qc8 12. Qe2 b5 13. Bb3 Be7 14.
O-O-O O-O 15. g4 Kh8 16. h4 Nc6 17. h5 Ne8 18. g5 Na5 19. g6 h6 20. Qd2 Nxb3+ 21.
axb3 Rxf3 22. Bxh6 Kg8 23. Bxg7 Kxg7 24. h6+ Kh8 25. Qg2 Nf6 26. Qxf3 b4 27. Na4 d5 28. Nb6 Qb7 29. Nxa8 Qxa8 30. h7 Qd8 31. g7+ Kxg7 32. h8=Q+ Qxh8 33. Rdg1+ 1-0

[Event "Early-Titled-Tuesday-Blitz-February-06-2024"]
[Site "Chess.com"]
[Date "2024.02.06"]
[Round "4"]
[White "Matols"]
[Black "jens1102"]
[Result "1-0"]
[WhiteElo "2411"]
[BlackElo "2612"]
[TimeControl "180+1"]
[EndTime "8:39:06 PST"]
[Termination "Matols won by checkmate"]

1. d4 Nf6 2. c4 e6 3. g3 Bb4+ 4. Bd2 Be7 5. Bg2 O-O 6. Nf3 d5 7. O-O c6 8. Qc2 b5 9. c5 a5 10. Bf4 Nbd7 11. Nbd2 b4 12. e4 Ba6 13. Rfe1 dxe4 14.
Nxe4 Nd5 15. Bd6 N7f6 16. Ne5 Nxe4 17. Nxc6 Nxd6 18. Nxd8 Rfxd8 19. Bxd5 Rac8 20. Bg2 Nf5 21. Rad1 Nxd4 22. Qe4 Bxc5 23. h4 Rc7 24. h5 h6 25.
Kh2 Rcd7 26. Rc1 Bb6 27. Qg4 Bb7 28. Bxb7 Rxb7 29. Kg2 Rbd7 30. Re5 Nf5 31. Rc6 Rd6 32. Rxd6 Rxd6 33. Rb5 Kh7 34. Qe4 Rd4 35. Qb7 Bd8 36.
Qxf7 Re4 37. Qg6+ Kg8 38. Qe8+ Kh7 39. Qxd8 Re2 40. Qe8 Ne3+ 41. Kf3 Rxf2+ 42. Kxf2 Nd5 43. Qg6+ Kh8 44. Rb8# 1-0

[Event "Early-Titled-Tuesday-Blitz-February-06-2024"]
[Site "Chess.com"]
[Date "2024.02.06"]
[Round "4"]
[White "Caroexpert"]
[Black "Jenia84"]
[Result "0-1"]
[WhiteElo "2559"]
[BlackElo "2315"]
[TimeControl "180+1"]
[EndTime "8:39:07 PST"]
[Termination "Jenia84 won by checkmate"]

1. d4 Nf6 2. Nf3 e6 3. Bf4 b6 4. e3 Bb7 5. Nbd2 d5 6. h3 Bd6 7. Ne5 Nbd7 8. Bd3 Ne4 9. Nxe4 dxe4 10. Bb5 Bxe5 11. dxe5 a6 12. Be2 g5 13. Bg3 Qe7 14. h4 O-O-O 15. hxg5 Nxe5 16. Bxe5 Rxd1+ 17. Rxd1 Rg8 18. Bf6 Qb4+ 19. c3 Qxb2 20. Rxh7 Kb8 21. Rxf7 Qxa2 22.
Be5 Rxg5 23. Bxc7+ Ka7 24. Rdd7 Qa1+ 25. Bd1 Qxc3+ 26.
Kf1 Rd5 27. Bd6 Qd3+ 28. Kg1 Qxd1+ 29. Kh2 Qh5+ 30. Kg1 Rd1# 0-1

[Event "Early-Titled-Tuesday-Blitz-February-06-2024"]
[Site "Chess.com"]
[Date "2024.02.06"]
[Round "4"]
[White "klimkoj"]
[Black "xakevicius91"]
[Result "1-0"]
[WhiteElo "2922"]
[BlackElo "2604"]
[TimeControl "180+1"]
[EndTime "8:39:08 PST"]
[Termination "klimkoj won by resignation"]

1. b3 b6 2. Bb2 Bb7 3. c4 Nf6 4. Nf3 e6 5. d4 d5 6. Nbd2 Bd6 7. e3 O-O 8. Bd3 Nbd7 9. O-O Qe7 10. Qc2 Rac8 11. e4 dxe4 12. Nxe4 Nxe4 13. Bxe4 Bxe4 14. Qxe4 Nf6 15. Qh4 Ba3 16. Bc3 Bb4 17. Bb2 Ba3 18.
Bc3 Bb4 19. Bxb4 Qxb4 20. Ne5 c5 21. Rad1 Rfd8 22. dxc5 Qxc5 23. Ng4 Qf5 24. h3 Kf8 25. Nxf6 gxf6 26. Qg3 Ke7 27. Rxd8 Rxd8 28. b4 Qd3 29.
Qc7+ Rd7 30. Qc8 Rd8 31. Qc7+ Rd7 32. Qc8 Rd8 33. Qa6 Rd7 34. Rc1 Rc7 35. Qa4 Qd4 36.
c5 bxc5 37. Qa5 Kd7 38. bxc5 f5 39. Qb5+ Ke7 40. c6 f4 41. Qg5+ Ke8 42. Rb1 Rxc6 43. Rb8+ 1-0

[Event "Early-Titled-Tuesday-Blitz-February-06-2024"]
[Site "Chess.com"]
[Date "2024.02.06"]
[Round "4"]
[White "YoreDea"]
[Black "Alen_Yeremyann"]
[Result "0-1"]
[WhiteElo "2529"]
[BlackElo "2728"]
[TimeControl "180+1"]
[EndTime "8:39:08 PST"]
[Termination "Alen_Yeremyann won on time"]

1. d4 Nf6 2. Nf3 e6 3. c4 b6 4.
g3 Bb7 5. Bg2 Be7 6. O-O O-O 7.
Nc3 d5 8. cxd5 Nxd5 9. Qc2 Nd7 10. e4 Nxc3 11. bxc3 Nf6 12. Ne5 c5 13. Rd1 cxd4 14. cxd4 Rc8 15. Qe2 Qc7 16. Bb2 Qc2 17. Rd2 Qa4 18. a3 Rfd8 19. g4 Bd6 20. f4 Ba6 21.
Qf3 Bb7 22. Qe2 Ba6 23. Qf3 Rc2 24. Rad1 Rxd2 25. Rxd2 Bb7 26. Qe3 Qb5 27. g5 Nd7 28. Bf1 Qa4 29. Ng4 Bf8 30. h4 Nc5 31. Bg2 Nb3 32.
Rd3 Na5 33. d5 Nc4 34. Qc1 Nxb2 35. Qxb2 exd5 36. exd5 Bc5+ 37. Kh1 Qxf4 38. Nh2 Qxh4 0-1

[Event "Early-Titled-Tuesday-Blitz-February-06-2024"]
[Site "Chess.com"]
[Date "2024.02.06"]
[Round "4"]
[White "esrosenberg"]
[Black "Aslanov_Umid"]
[Result "0-1"]
[WhiteElo "2432"]
[BlackElo "2677"]
[TimeControl "180+1"]
[EndTime "8:39:08 PST"]
[Termination "Aslanov_Umid won by resignation"]

1. c4 e6 2. g3 d5 3. Bg2 Nf6 4.
Nf3 dxc4 5. Na3 c5 6. Nxc4 Nc6 7.
O-O Be7 8. b3 O-O 9. Bb2 Nd5 10.
Rc1 b6 11. Nce5 Nxe5 12. Nxe5 Bb7 13. d4 Rc8 14. dxc5 Rxc5 15. Ba3 Rxc1 16. Qxc1 Bxa3 17. Qxa3 a5 18. Nc4 Qc7 19. Rc1 Rc8 20. Rd1 Nc3 21. Re1 Bxg2 22. Kxg2 Rd8 23. Qb2 Nd5 24. Kg1 b5 25.
Ne5 b4 26. Nc4 a4 27. Qe5 Qxe5 28. Nxe5 Nc3 29. Nc6 Rd2 30. Nxb4 a3 31. Kf1 Nxa2 32. Nxa2 Rxa2 33. Rc1 Kf8 34. Rc8+ Ke7 35. Ra8 Kd6 36. Ra7 Kc5 37. Rxf7 Rb2 38. Ra7 a2 39. Kg2 Kb4 40. h4 Kxb3 41. Rb7+ Kc2 42. Ra7 Kb1 43. Rxa2 Rxa2 44. Kf3 Kc2 45. Ke4 Kc3 0-1

[Event "Early-Titled-Tuesday-Blitz-February-06-2024"]
[Site "Chess.com"]
[Date "2024.02.06"]
[Round "4"]
[White "EmirhanTarlabasi"]
[Black "cukricek"]
[Result "0-1"]
[WhiteElo "2633"]
[BlackElo "2346"]
[TimeControl "180+1"]
[EndTime "8:39:08 PST"]
[Termination "cukricek won by resignation"]

1. d4 Nf6 2. Nf3 g6 3. Nbd2 d5 4. e3 Bg7 5. b4 O-O 6. Bb2 b6 7. c4 c5 8. bxc5 bxc5 9. cxd5 Nxd5 10. Bc4 Nc6 11. O-O Rb8 12. Rb1 cxd4 13. Nxd4 Nxd4 14.
Bxd4 Rxb1 15. Nxb1 Bxd4 16. Qxd4 Nb6 17. Bb3 Qxd4 18.
exd4 Rd8 19. Rd1 Bb7 20. Nc3 Nd5 21. Na4 Nf4 22. d5 Nxd5 23. Nc5 Bc6 24. h4 e6 25. Rc1 Bb5 26. g3 Rc8 27. Bxd5 exd5 28. Nb3 Rxc1+ 29. Nxc1 Kg7 30. f4 Bc4 31. Kf2 h5 32.
Ke3 Kf6 33. Kd4 Kf5 34. Nb3 Bxb3 35. axb3 Kg4 36. Kxd5 Kxg3 37. b4 Kxf4 38. b5 g5 39. hxg5 h4 40. Kc6 h3 41. Kb7 h2 42. Kxa7 h1=Q 43. b6 Kxg5 44. b7 Qa1+ 45. Kb6 Qb2+ 46.
Ka7 Qa3+ 47. Kb6 Qb4+ 48. Kc7 f5 0-1

[Event "Early-Titled-Tuesday-Blitz-February-06-2024"]
[Site "Chess.com"]
[Date "2024.02.06"]
[Round "4"]
[White "Nuvas"]
[Black "KbzasDavid16"]
[Result "1-0"]
[WhiteElo "2796"]
[BlackElo "2561"]
[TimeControl "180+1"]
[EndTime "8:39:09 PST"]
[Termination "Nuvas won on time"]

1. d4 Nf6 2. c4 e6 3. Nc3 d5 4. cxd5 exd5 5. Bg5 c6 6. e3 Nbd7 7. Bd3 Be7 8. h3 O-O 9. Bf4 Re8 10. Nf3 Nf8 11.
Qc2 g6 12. g4 Ne6 13. Bg3 b5 14. Ne5 Bb7 15. O-O a6 16. f4 Nf8 17. f5 g5 18. h4 h6 19. Qh2 N6d7 20. hxg5 Bxg5 21. Bf4 c5 22. Ne2 Nxe5 23. dxe5 d4 24. exd4 cxd4 25. Rae1 f6 26. Bxg5 hxg5 27. e6 Qe7 28. Ng3 Qh7 29. Nh5 Qh8 30. Qc7 Re7 31. Qxe7 1-0

[Event "Early-Titled-Tuesday-Blitz-February-06-2024"]
[Site "Chess.com"]
[Date "2024.02.06"]
[Round "4"]
[White "annamaja"]
[Black "Ditman2007"]
[Result "0-1"]
[WhiteElo "2391"]
[BlackElo "2665"]
[TimeControl "180+1"]
[EndTime "8:39:09 PST"]
[Termination "Ditman2007 won by resignation"]

1. e4 c6 2. Nc3 d5 3. Nf3 dxe4 4. Nxe4 Nf6 5. Nxf6+ exf6 6. d4 Bd6 7. Bd3 Na6 8. c3 Nc7 9. O-O O-O 10. h3 Nd5 11. Re1 Qc7 12. Bd2 Nf4 13. Bxf4 Bxf4 14. Qe2 Be6 15.
c4 Rad8 16. Rad1 g6 17. g3 Bh6 18. Kg2 Bg7 19. Qe3 Rfe8 20. Qc1 Qa5 21. a3 f5 22. b4 Qb6 23. c5 Qc7 24. Bc4 Qd7 25. d5 Bxd5 26. Rxe8+ Qxe8 27. Bxd5 Rxd5 28. Rxd5 cxd5 29. Qf4 Bf6 30. Qd6 Qc6 31. Qb8+ Kg7 32. Qxa7 d4 33. Qb6 Qe4 34. Qd6 g5 35. g4 fxg4 36. hxg4 Qxg4+ 37.
Qg3 Qe4 38. Kf1 h6 39. b5 d3 40. b6 Qe2+ 41. Kg2 d2 42. Qd6 Qe4 43. Qxd2 g4 44. Qe3 gxf3+ 45. Qxf3 Qxf3+ 46. Kxf3 Bd4 47. c6 Bxb6 48.
cxb7 Ba7 49. a4 h5 50. Kf4 Kf6 51. a5 Kg6 52. a6 f6 53. Kg3 Kg5 54. f3 Kf5 55. Kh4 Kg6 56. f4 Bb8 57. f5+ Kxf5 58. Kxh5 Ke4 59. Kg6 f5 60. Kf6 f4 61. Ke7 f3 62. Kd7 f2 63. Kc8 f1=Q 64. Kxb8 Qxa6 65. Kc7 Qc4+ 66. Kd8 Qb5 67. Kc7 Qc5+ 68. Kd8 Qb6+ 69. Kc8 Qc6+ 70. Kb8 Kd5 71. Ka7 Qa4+ 72. Kb6 Qb4+ 73.
Ka7 Qa5+ 0-1

[Event "Early-Titled-Tuesday-Blitz-February-06-2024"]
[Site "Chess.com"]
[Date "2024.02.06"]
[Round "4"]
[White "andrew-blr"]
[Black "jcreyes69"]
[Result "1-0"]
[WhiteElo "2601"]
[BlackElo "2412"]
[TimeControl "180+1"]
[EndTime "8:39:09 PST"]
[Termination "andrew-blr won on time"]

1. d4 d5 2. c4 e6 3. Nc3 a6 4. cxd5 exd5 5. Bf4 Nf6 6. e3 Be6 7. Bd3 Nbd7 8. Nf3 c6 9. O-O Nh5 10. Re1 Be7 11. h3 Nxf4 12. exf4 g6 13. Ne5 O-O 14. f5 gxf5 15. Qh5 Nf6 16. Qg5+ Kh8 17. Bxf5 Nd7 18.
Qh5 Bxf5 19. Qxf5 Nxe5 20. dxe5 Bc5 21. Kh2 Qh4 22. g3 Qd4 23. Re2 Rg8 24. Rd1 Qc4 25. Qd3 Qxd3 26. Rxd3 Rae8 27. f4 h5 28. Rc2 Bb6 29.
Na4 Bc7 30. Nc5 f6 31. exf6 h4 32. f7 hxg3+ 33. Kg2 Bxf4 34. fxg8=Q+ Rxg8 35. Ne6 Bd6 36. Re2 Re8 37. Rf3 Kg8 38. h4 c5 39. h5 Rc8 40.
h6 Kh7 41. Rf6 1-0

[Event "Early-Titled-Tuesday-Blitz-February-06-2024"]
[Site "Chess.com"]
[Date "2024.02.06"]
[Round "4"]
[White "TregubovP"]
[Black "Payyappat"]
[Result "0-1"]
[WhiteElo "2674"]
[BlackElo "2485"]
[TimeControl "180+1"]
[EndTime "8:39:10 PST"]
[Termination "Payyappat won by resignation"]

1. e4 c6 2. Nf3 d5 3. Nc3 dxe4 4. Nxe4 Nf6 5. Qe2 Nxe4 6. Qxe4 Nd7 7. Bc4 Nf6 8. Ne5 e6 9. Qf4 Bd6 10. d4 Qc7 11. O-O b5 12. Bd3 Bb7 13. Qg3 O-O-O 14. Qxg7 Bxe5 15. dxe5 Qxe5 16. Bg5 Rhg8 17. Qxf6 Qxg5 18.
Qxg5 Rxg5 19. f3 a6 20. a4 Kc7 21. Rf2 Kb6 22. b4 Rd4 23. a5+ Kc7 24. Rb1 c5 25. bxc5 Rxc5 26. Bxh7 b4 27. Re2 Rxa5 28. Kf2 Rc5 29.
Bd3 a5 30. Ke3 e5 31. Ra1 Bc6 32. Ree1 a4 33. Reb1 Rc3 34. Kd2 Bb5 35. Rxb4 Rcxd3+ 36. cxd3 Rxb4 37. g3 Rb2+ 38. Kc3 Rxh2 39. Kb4 Kb6 40.
Re1 f6 41. d4 Rf2 42. dxe5 Rxf3 43.
Rb1 fxe5 0-1

[Event "Early-Titled-Tuesday-Blitz-February-06-2024"]
[Site "Chess.com"]
[Date "2024.02.06"]
[Round "4"]
[White "noblerone"]
[Black "Sajith_Peiris"]
[Result "1-0"]
[WhiteElo "2464"]
[BlackElo "2249"]
[TimeControl "180+1"]
[EndTime "8:39:10 PST"]
[Termination "noblerone won by resignation"]

1. d4 Nf6 2. c4 e6 3. Nc3 d5 4.
cxd5 exd5 5. Bg5 Be7 6. e3 O-O 7. Bd3 c6 8. Nf3 h6 9. Bh4 Nbd7 10. O-O Re8 11. Qb1 Nf8 12. b4 a6 13. a4 Ne4 14.
Bxe7 Qxe7 15. Bxe4 dxe4 16. Nd2 f5 17. b5 Be6 18. bxc6 bxc6 19. Qb6 Reb8 20. Qa5 Nd7 21. Rab1 Qa3 22. Rxb8+ Rxb8 23. Ndb1 Qb2 24. Qxa6 Ba2 25. Qxc6 Bxb1 26. Nxb1 Qxb1 27. Qxd7 Qd3 28. g3 Rb2 29. Qxf5 Ra2 30. Qe6+ 1-0

[Event "Early-Titled-Tuesday-Blitz-February-06-2024"]
[Site "Chess.com"]
[Date "2024.02.06"]
[Round "4"]
[White "picturesquecheck"]
[Black "themind1hunter"]
[Result "1-0"]
[WhiteElo "2396"]
[BlackElo "2508"]
[TimeControl "180+1"]
[EndTime "8:39:12 PST"]
[Termination "picturesquecheck won on time"]

1. e4 c5 2. Nf3 e6 3. Nc3 Nc6 4. d4 cxd4 5. Nxd4 a6 6. Be2 Nge7 7. O-O Nxd4 8. Qxd4 Nc6 9. Qd3 Qc7 10. Kh1 Be7 11.
f4 O-O 12. Be3 b5 13. Rad1 Na5 14. b3 Bb7 15. e5 Rac8 16. Bd2 Rfd8 17. Ne4 b4 18.
Rc1 d5 19. Ng3 Qb6 20. f5 Nc6 21. Bf4 Qd4 22. fxe6 fxe6 23. Bg4 Qxd3 24. Bxe6+ Kh8 25. cxd3 Ra8 26. Nf5 Bf8 27. Bg5 Nxe5 28. Bxd8 Rxd8 29. d4 Nc6 30. Rfd1 g6 31. Nh4 Bh6 32. Rc5 Bg7 33. Nf3 Re8 34. Bxd5 Nd8 35. Bxb7 1-0

[Event "Early-Titled-Tuesday-Blitz-February-06-2024"]
[Site "Chess.com"]
[Date "2024.02.06"]
[Round "4"]
[White "WiktoriaPOL"]
[Black "chess_blitz00"]
[Result "0-1"]
[WhiteElo "2267"]
[BlackElo "2482"]
[TimeControl "180+1"]
[EndTime "8:39:12 PST"]
[Termination "chess_blitz00 won on time"]

1. c4 g6 2. Nc3 Bg7 3. g3 Nc6 4.
Bg2 f5 5. e3 Nf6 6. d4 O-O 7.
Nf3 d6 8. d5 Ne5 9. Nxe5 dxe5 10. Qb3 Kh8 11. O-O e4 12. c5 e6 13. dxe6 Qe7 14.
Rd1 Bxe6 15. Qxb7 Qxc5 16. Na4 Qc2 17. Nc3 Rad8 18. Rxd8 Rxd8 19. Qxc7 Rd1+ 20. Bf1 Rxc1 21. Qd8+ Bg8 22. Rxc1 Qxc1 23. Qb8 Ng4 24. h3 Nh2 25.
Kxh2 Qxf1 26. Qf4 h5 27. h4 Kh7 28. a3 Bc4 29. Na4 Be2 30. Nc5 Bf3 0-1

[Event "Early-Titled-Tuesday-Blitz-February-06-2024"]
[Site "Chess.com"]
[Date "2024.02.06"]
[Round "4"]
[White "HATilay"]
[Black "yuriydovzik"]
[Result "1-0"]
[WhiteElo "2509"]
[BlackElo "2225"]
[TimeControl "180+1"]
[EndTime "8:39:12 PST"]
[Termination "HATilay won on time"]

1. d4 Nf6 2. c4 e6 3. Nc3 b6 4. Nf3 Bb7 5. g3 Bxf3 6. exf3 c6 7. Bg2 d5 8. cxd5 exd5 9. O-O Be7 10. Re1 O-O 11.
h4 h6 12. Qd3 Nbd7 13. Bf4 Re8 14. Rac1 Nh5 15. Bd2 Bd6 16. Qf5 Nhf6 17. Bh3 Nf8 18. Kg2 N8h7 19. Rxe8+ Qxe8 20. Re1 Qd8 21. Ne2 Qc7 22. Nf4 Re8 23. Rxe8+ Nxe8 24. Nh5 g6 25. Qd7 Qxd7 26. Bxd7 Nc7 27. Nf4 c5 28. Nd3 Nf6 29. Bxh6 Nxd7 30. Be3 c4 31. Ne1 Ne6 32. Nc2 f5 33. f4 Nf6 34. f3 Nd7 35. Kf2 b5 36. a3 a5 37. Bd2 a4 38. Ke3 Kf7 39. Bb4 1-0

[Event "Early-Titled-Tuesday-Blitz-February-06-2024"]
[Site "Chess.com"]
[Date "2024.02.06"]
[Round "4"]
[White "casparov00000"]
[Black "rhungaski"]
[Result "1-0"]
[WhiteElo "2331"]
[BlackElo "2485"]
[TimeControl "180+1"]
[EndTime "8:39:13 PST"]
[Termination "casparov00000 won on time"]

1. e4 g6 2. d4 Bg7 3. Nc3 d6 4. h3 a6 5. Nf3 b5 6. a3 Bb7 7.
Bd3 Nd7 8. O-O c5 9. d5 Ngf6 10. Bg5 O-O 11. Qd2 Nb6 12. Bh6 Nfd7 13. Bxg7 Kxg7 14. Nh4 e6 15. dxe6 fxe6 16. g3 g5 17. Ng2 Ne5 18. f4 Nec4 19. Qe2 Qf6 20. b3 Qxc3 21. bxc4 bxc4 22. Rab1 cxd3 23. cxd3 Qd4+ 24.
Kh1 c4 25. Qg4 cxd3 26. Qxg5+ Kh8 27. Rb4 Qc5 28. Qe7 Bc6 29. Nh4 Rae8 30. Qc7 Nc4 31.
Kh2 Bxe4 32. Qxc5 dxc5 33. Rxc4 Bc6 34. Rxc5 Ba4 35. Nf3 Rc8 36. Rxc8 Rxc8 37. Rf2 Rc1 38. Rd2 Bc2 39. Nd4 Ra1 40. Nxe6 Rxa3 41. Nc5 a5 42. f5 Rc3 43. Ne4 Rc4 44. Nd6 1-0

[Event "Early-Titled-Tuesday-Blitz-February-06-2024"]
[Site "Chess.com"]
[Date "2024.02.06"]
[Round "4"]
[White "yobdc"]
[Black "Janosik"]
[Result "0-1"]
[WhiteElo "2584"]
[BlackElo "2863"]
[TimeControl "180+1"]
[EndTime "8:39:14 PST"]
[Termination "Janosik won by checkmate"]

1. c4 e6 2. g4 d5 3. h3 c6 4. Bg2 dxc4 5. Nf3 b5 6. b3 cxb3 7. axb3 Bb7 8. Bb2 Nf6 9. Nc3 Be7 10. Qc2 a6 11. d4 O-O 12. O-O Nbd7 13. Rfd1 Nd5 14. e3 Qb6 15. Ne4 Rfd8 16. Rac1 Rac8 17. Ne5 Nxe5 18. dxe5 c5 19. Qe2 a5 20. g5 Kh8 21.
Qh5 Rf8 22. Nf6 Bxf6 23. exf6 g6 24. Qh6 Rg8 25. e4 Nf4 26. Rd7 Rcf8 27. Qg7+ Rxg7 28.
fxg7+ Kg8 29. gxf8=Q+ Kxf8 30. Rcd1 Ne2+ 31. Kf1 Nd4 32.
Bxd4 cxd4 33. R1xd4 Bc6 34. Rd8+ Kg7 35. Rc8 Qxd4 36.
Rxc6 Qd1# 0-1

[Event "Early-Titled-Tuesday-Blitz-February-06-2024"]
[Site "Chess.com"]
[Date "2024.02.06"]
[Round "4"]
[White "Mops_2004"]
[Black "Felix-Rose"]
[Result "1-0"]
[WhiteElo "2667"]
[BlackElo "2406"]
[TimeControl "180+1"]
[EndTime "8:39:14 PST"]
[Termination "Mops_2004 won by checkmate"]

1. f4 d6 2. Nf3 Nf6 3. d3 g6 4. e4 Bg7 5. g3 c5 6. Bg2 Nc6 7. Nc3 Bg4 8. h3 Bxf3 9. Qxf3 O-O 10. Ne2 Rb8 11. O-O Nd7 12. h4 b5 13. h5 b4 14. e5 Nd4 15. Nxd4 cxd4 16. e6 fxe6 17. hxg6 hxg6 18. Qg4 Rf6 19. Bd2 Nf8 20. Rf2 a5 21.
Re1 Rc8 22. Bc1 Rc5 23. b3 Qc8 24. Bb2 Rxc2 25. Bxd4 Rxf2 26. Kxf2 Qc2+ 27. Re2 Qxd3 28. Bxf6 Bxf6 29. Be4 Bd4+ 30. Kg2 Qd1 31. Bxg6 Nxg6 32.
Qxg6+ Kf8 33. Qxe6 Qg1+ 34. Kh3 Qh1+ 35. Kg4 Qh7 36.
Qf5+ Qxf5+ 37. Kxf5 Kf7 38. g4 Bc3 39. g5 Bd4 40.
g6+ Kf8 41. Ke6 Bf6 42. f5 Kg7 43. Rh2 Kg8 44. Rh7 a4 45. bxa4 b3 46. axb3 Be5 47.
Rxe7 d5 48. Kxe5 d4 49. f6 d3 50. Re8# 1-0

[Event "Early-Titled-Tuesday-Blitz-February-06-2024"]
[Site "Chess.com"]
[Date "2024.02.06"]
[Round "4"]
[White "Manukyan_Artak"]
[Black "Khromkin"]
[Result "1-0"]
[WhiteElo "2488"]
[BlackElo "2313"]
[TimeControl "180+1"]
[EndTime "8:39:14 PST"]
[Termination "Manukyan_Artak won on time"]

1. e4 c5 2. Nf3 Nc6 3. c3 d5 4. exd5 Qxd5 5. d4 Bg4 6. Be2 cxd4 7. cxd4 e6 8. Nc3 Qa5 9. Bd2 Rd8 10. Qb3 Qb4 11. Nb5 Qxb3 12. axb3 a6 13. d5 exd5 14. Nc7+ Ke7 15. h3 Bh5 16. O-O-O Nf6 17. Bg5 d4 18. Nxd4 Nxd4 19. Bxh5 Rc8 20. Rxd4 Rxc7+ 21. Kb1 Ke8 22. Bf3 Be7 23. Re1 h6 24. Bf4 Rd7 25.
Rc4 g5 26. Be5 Kf8 27. Bc3 Kg7 28. b4 Rhd8 29. h4 Kg6 30. g3 gxh4 31. Rxh4 Nh7 32. Bh5+ 1-0

[Event "Early-Titled-Tuesday-Blitz-February-06-2024"]
[Site "Chess.com"]
[Date "2024.02.06"]
[Round "4"]
[White "ilya2700"]
[Black "goodwilll"]
[Result "0-1"]
[WhiteElo "2316"]
[BlackElo "2501"]
[TimeControl "180+1"]
[EndTime "8:39:16 PST"]
[Termination "goodwilll won by checkmate"]

1. e4 c6 2. d4 d5 3. exd5 cxd5 4. Bd3 Nc6 5. c3 g6 6. Nf3 Bg7 7. Bf4 Nh6 8. O-O f6 9. Re1 O-O 10. c4 Nf7 11. Nc3 Nb4 12. Nxd5 Nxd5 13. cxd5 Bg4 14.
b3 a6 15. h3 Bd7 16. Rc1 Rc8 17. Rxc8 Bxc8 18. Qc2 Nd6 19. Nd2 Nf5 20. Qc3 b5 21. a3 Bb7 22. Bxf5 gxf5 23. Qg3 Bxd5 24. b4 Kh8 25.
Bc7 Qd7 26. Bb6 e5 27. dxe5 fxe5 28. Bc5 f4 29. Qg5 Re8 30. Ne4 Re6 31. Nc3 Rg6 32. Qh4 Rxg2+ 33. Kf1 Rg6 34. Rd1 Bc4+ 35. Ke1 Rg1# 0-1

[Event "Early-Titled-Tuesday-Blitz-February-06-2024"]
[Site "Chess.com"]
[Date "2024.02.06"]
[Round "4"]
[White "salomez"]
[Black "verrbaa"]
[Result "0-1"]
[WhiteElo "2299"]
[BlackElo "2494"]
[TimeControl "180+1"]
[EndTime "8:39:16 PST"]
[Termination "verrbaa won on time"]

1. e4 c5 2. Nf3 e6 3. d4 cxd4 4. Nxd4 Nc6 5. Nc3 d6 6. Bc4 Nf6 7. Be3 a6 8. Qe2 Qc7 9. O-O-O Be7 10. Rhg1 Na5 11. Bd3 b5 12. g4 Nd7 13. f4 Nc5 14.
Kb1 b4 15. Nd5 exd5 16. exd5 Nxd3 17. Rxd3 O-O 18. g5 Re8 19. f5 Bf8 20. Qh5 g6 21. Qh4 Qe7 22. Bd2 Qe4 23. Qh3 Nc4 24. Bxb4 Rb8 25. a3 a5 26. Bc3 Nxa3+ 27. Ka2 Nb5 28. Nxb5 Bxf5 29. Qf1 Rxb5 30. Rd4 Qe2 31. Qf4 Qxc2 0-1

[Event "Early-Titled-Tuesday-Blitz-February-06-2024"]
[Site "Chess.com"]
[Date "2024.02.06"]
[Round "4"]
[White "m_ezat"]
[Black "jlandaw"]
[Result "1-0"]
[WhiteElo "2476"]
[BlackElo "2391"]
[TimeControl "180+1"]
[EndTime "8:39:16 PST"]
[Termination "m_ezat won on time"]

1. d4 Nf6 2. c4 e6 3. Nc3 Bb4 4. e3 O-O 5. a3 Bxc3+ 6. bxc3 c5 7. Bd3 Nc6 8. Ne2 b6 9. O-O Ba6 10. e4 e5 11. Bg5 h6 12. Bh4 g5 13. Bg3 Re8 14.
f3 d6 15. h4 Nh5 16. Bf2 Na5 17. g4 Nf4 18. Nxf4 gxf4 19. Qe2 cxd4 20. cxd4 Rc8 21.
Rac1 Qd7 22. Rfd1 Qa4 23. c5 Bxd3 24. Qxd3 dxc5 25. dxc5 bxc5 26. Qa6 Qxa3 27. Kg2 Qb4 28. Qxh6 Rc6 29. Qg5+ Rg6 30. Rd8 Rxg5 31. Rxe8+ Kg7 32. hxg5 c4 33. Rh1 1-0

[Event "Early-Titled-Tuesday-Blitz-February-06-2024"]
[Site "Chess.com"]
[Date "2024.02.06"]
[Round "4"]
[White "baki83"]
[Black "Natalya_Buksa"]
[Result "0-1"]
[WhiteElo "2795"]
[BlackElo "2578"]
[TimeControl "180+1"]
[EndTime "8:39:19 PST"]
[Termination "Natalya_Buksa won on time"]

1. e4 c5 2. Nf3 Nc6 3. Bb5 Nf6 4. Nc3 Qc7 5. O-O Nd4 6. Re1 e5 7. Bc4 d6 8. Ng5 Ne6 9. d3 Be7 10. h3 O-O 11. a4 h6 12. Nxe6 Bxe6 13. f4 Nd7 14. f5 Bxc4 15. dxc4 Bh4 16. Rf1 Qc6 17. Qg4 Bg5 18. Bxg5 hxg5 19. Qxg5 f6 20. Qg4 Rf7 21. Rf3 Nf8 22. Nd5 b6 23. Rg3 Nh7 24. Qh5 a6 25.
Rg4 Raa7 26. Rh4 g5 27. fxg6 Rg7 28. gxh7+ Kh8 29. Rg4 Rxh7 30. Qg6 Rag7 31. Qxf6 Qc8 0-1

[Event "Early-Titled-Tuesday-Blitz-February-06-2024"]
[Site "Chess.com"]
[Date "2024.02.06"]
[Round "4"]
[White "GMAkobianSTL"]
[Black "JonasEilenberg"]
[Result "1-0"]
[WhiteElo "2732"]
[BlackElo "2529"]
[TimeControl "180+1"]
[EndTime "8:39:19 PST"]
[Termination "GMAkobianSTL won by resignation"]

1. d4 d5 2. c4 e6 3. Nc3 c6 4.
Nf3 dxc4 5. a4 Bb4 6. e4 b5 7.
Qc2 Bb7 8. Be2 a6 9. O-O Nd7 10. Bg5 Qc7 11. e5 h6 12. Bd2 Bxc3 13. bxc3 Ne7 14.
Rab1 Nb6 15. a5 Nd7 16. Qe4 c5 17. Qg4 Nf5 18. Nh4 g6 19. Nxf5 exf5 20. Qh4 g5 21.
Bxg5 Rg8 22. Qxh6 cxd4 23. e6 Nf8 24. Bh5 Rg6 25. Bxg6 fxg6 26. e7 Ne6 27. Qxg6+ Kd7 28. e8=Q+ Rxe8 29. Qf7+ Kd6 30. Qxe8 Nxg5 31. Rfe1 Nh3+ 32.
Kf1 Nf4 33. Qe5+ Kd7 34. Qg7+ Kd6 35. Qh6+ Kd7 36. Qg7+ Kd6 37. Qxd4+ Bd5 38. Qxf4+ Kc6 39. Qxc7+ Kxc7 1-0

[Event "Early-Titled-Tuesday-Blitz-February-06-2024"]
[Site "Chess.com"]
[Date "2024.02.06"]
[Round "4"]
[White "ozates"]
[Black "FLYD"]
[Result "1-0"]
[WhiteElo "2634"]
[BlackElo "2066"]
[TimeControl "180+1"]
[EndTime "8:39:19 PST"]
[Termination "ozates won by resignation"]

1. e4 e5 2. Nf3 Nf6 3. d4 Nxe4 4.
Bd3 d5 5. Nxe5 Nd7 6. Nc3 Nxe5 7.
dxe5 Nxc3 8. bxc3 Qh4 9. O-O c6 10. f4 Bc5+ 11. Kh1 Bg4 12. Qd2 g6 13. Rb1 b5 14. f5 gxf5 15. Bxf5 Rg8 16. Qf4 Qh5 17. Bxg4 Rxg4 18. Qf3 Rh4 19. Bf4 Qxf3 20. Rxf3 Be7 21.
Bg3 Rc4 22. Rbf1 O-O-O 23. Rxf7 Re8 24. R1f3 b4 25. cxb4 Rxc2 26. h4 Rxa2 27. Rxh7 Bxb4 28. h5 d4 29. h6 Ra3 30. Rxa3 Bxa3 31. Rxa7 d3 32.
Rxa3 d2 33. Ra1 Rd8 34. Rd1 c5 35. Bf4 Rd4 36. g3 c4 37. Rxd2 Re4 38. h7 1-0